AoeStats
← AllBirds

Arena

508074268Analyzed
4v4 RM · 11d ago on Sep 20, 2026· 61m 4s· 8 players
Game mode
Random Map
Map size
Large (8 player)
Population
200
Speed
Normal
Resources
Standard
Victory
Conquest
Starting age
Dark Age
Ending age
Imperial Age
RankedLock teamsTeams togetherTeam positionsShared explorationLock speedFull tech treeHidden civsTurbo modeCheats
Victory
Defeat
🇬🇧 Poles · United Kingdom
954
+10
🇨🇦 Koreans · Canada
938
+11
🇪🇨 Franks · Ecuador
872
+13
🇲🇽 Bohemians · Mexico
864
+14
🇵🇱 Mongols · Poland
850
-13
🇲🇽 Persians · Mexico
846
-13
🇮🇹 Teutons · Italy
788
-11
🇩🇪 Romans · Germany
782
-11
Special Air (SAS)
9:36 Feudal Age
15:22 Castle Age
15:01 Double-Bit Axe
15:01 Horse Collar
16:14 Stone Mining
19:59 Bow Saw
21:58 Man-at-Arms
22:39 Squires
23:11 Long Swordsman
27:49 Pikeman
31:57 Gold Mining
35:05 Gold Shaft Mining
35:45 Wheelbarrow
39:42 Imperial Age
40:58 Conscription
40:19 Heavy Camel Rider
41:53 Forging
41:48 Scale Barding Armor
42:16 Conscription
42:57 Hand Cart
Tentramitrozo 100 mg
0:40 Loom
11:46 Feudal Age
18:13 Castle Age
16:50 Wheelbarrow
16:38 Double-Bit Axe
17:14 Horse Collar
18:27 Gold Mining
18:52 Stone Mining
25:25 Hand Cart
28:03 Pikeman
29:18 Bloodlines
29:11 Husbandry
34:07 Imperial Age
31:45 Scale Barding Armor
31:31 Fletching
34:02 Forging
34:13 Chain Barding Armor
33:54 Scale Mail Armor
33:55 Padded Archer Armor
35:36 Chemistry
34:32 Murder Holes
35:33 Iron Casting
34:54 Town Watch
35:17 Heavy Plow
35:32 Bow Saw
34:59 Cavalier
36:52 Ballistics
37:48 Plate Barding Armor
39:15 Savar
40:59 Blast Furnace
40:15 Chain Mail Armor
40:15 Leather Archer Armor
39:56 Bodkin Arrow
39:31 Capped Ram
39:32 Onager
39:51 Heavy Camel Rider
41:12 Halberdier
41:52 Squires
41:38 Arson
49:03 Elite Skirmisher
52:04 Plate Mail Armor
52:02 Siege Ram
52:43 Light Cavalry
54:13 Citadels
54:24 Conscription
54:05 Kamandaran
54:46 Gold Shaft Mining
54:16 Hussar
Müslischüssel
0:30 Loom
11:52 Feudal Age
13:10 Wheelbarrow
12:21 Double-Bit Axe
12:38 Stone Mining
14:48 Gold Mining
19:52 Castle Age
20:53 Bow Saw
21:18 Man-at-Arms
21:59 Squires
22:59 Long Swordsman
28:21 Murder Holes
31:41 Pikeman
34:54 Ballistics
42:49 Horse Collar
45:40 Hand Cart
47:58 Imperial Age
46:19 Heavy Plow
46:58 Town Watch
47:27 Forging
47:23 Scale Mail Armor
48:29 Legionary
49:33 Conscription
49:29 Caravan
51:00 Comitatenses
51:12 Chain Mail Armor
51:46 Iron Casting
51:55 Hand Cart
54:33 Crop Rotation
55:09 Blast Furnace
59:26 Onager
61:12 Chemistry
yellowmonday
12:30 Feudal Age
16:43 Castle Age
14:38 Double-Bit Axe
14:41 Horse Collar
15:12 Gold Mining
15:43 Stone Mining
17:25 Heavy Plow
17:39 Bow Saw
21:29 Wheelbarrow
22:39 Stone Shaft Mining
21:54 Gambesons
26:41 Hand Cart
26:17 Loom
31:58 Imperial Age
30:09 Bloodlines
30:34 Ballistics
29:40 Pikeman
30:23 Squires
30:37 Forging
30:28 Scale Mail Armor
33:03 Iron Casting
32:43 Chain Mail Armor
32:35 Scale Barding Armor
32:30 Halberdier
34:51 Blast Furnace
35:14 Cavalier
36:17 Chain Barding Armor
36:29 Plate Mail Armor
38:13 Chemistry
37:20 Siege Engineers
38:56 Ironclad
41:04 Paladin
50:28 Plate Barding Armor
49:46 Fletching
AllBirds
11:30 Feudal Age
11:44 Loom
13:03 Horse Collar
19:10 Castle Age
19:39 Fletching
20:31 Scale Barding Armor
21:19 Heavy Plow
22:24 Forging
23:48 Wheelbarrow
23:53 Double-Bit Axe
24:52 Bodkin Arrow
27:27 Hand Cart
27:00 Town Watch
28:11 Iron Casting
31:14 Chain Barding Armor
41:31 Imperial Age
40:03 Bow Saw
40:14 Elite Skirmisher
41:44 Town Patrol
41:51 Scale Mail Armor
41:22 Pikeman
42:05 Squires
42:18 Bracer
42:21 Cavalier
46:10 Halberdier
50:45 Conscription
Iceman
0:49 Loom
13:09 Feudal Age
17:43 Castle Age
16:29 Double-Bit Axe
16:27 Horse Collar
18:56 Bow Saw
31:11 Wheelbarrow
33:29 Fortified Wall
36:50 Imperial Age
37:51 Chemistry
38:28 Elite Skirmisher
40:48 Treadmill Crane
43:52 Padded Archer Armor
43:42 Fletching
45:00 Pikeman
45:40 Squires
45:26 Arson
46:35 Halberdier
47:16 Scale Mail Armor
47:32 Leather Archer Armor
48:45 Siege Engineers
50:50 Chain Mail Armor
51:06 Ring Archer Armor
50:24 Town Watch
52:03 Conscription
52:16 Plate Mail Armor
53:45 Forging
53:30 Bodkin Arrow
53:52 Hand Cart
54:15 Houfnice
57:09 Ballistics
KAISER962605
11:07 Feudal Age
13:32 Double-Bit Axe
18:16 Castle Age
17:04 Gold Mining
17:04 Stone Mining
18:42 Forging
18:39 Scale Barding Armor
30:45 Imperial Age
29:16 Wheelbarrow
30:19 Hand Cart
31:45 Iron Casting
31:17 Scale Barding Armor
31:14 Cavalier
31:57 Husbandry
32:32 Capped Ram
33:25 Chivalry
37:17 Blast Furnace
38:06 Chain Barding Armor
37:27 Paladin
46:59 Coinage
46:31 Caravan
47:44 Chemistry
48:08 Fletching
48:18 Padded Archer Armor
48:55 Plate Barding Armor
Asturon
9:54 Feudal Age
10:25 Double-Bit Axe
10:23 Horse Collar
16:04 Stone Mining
19:04 Castle Age
21:17 Heavy Plow
21:31 Bow Saw
22:10 Loom
23:01 Wheelbarrow
22:56 Gold Mining
24:33 Szlachta Privileges
25:11 Bloodlines
25:04 Husbandry
27:27 Forging
29:14 Scale Barding Armor
33:25 Imperial Age
31:11 Hand Cart
31:09 Town Watch
32:04 Iron Casting
32:36 Chain Barding Armor
33:34 Cavalier
34:59 Conscription
35:37 Crop Rotation
36:30 Scale Mail Armor
36:37 Squires
36:23 Arson
40:02 Blast Furnace
39:41 Elite Obuch
39:46 Light Cavalry
48:03 Chain Mail Armor
47:14 Winged Hussar
48:17 Lechitic Legacy
61:26 Plate Mail Armor
60:21 Pikeman
Connection lost

Rejoining the realm…

Still unreachable

The connection could not be restored.

Session expired

The server has moved on; the page needs a fresh start.